 Dungeon Crawl Stone Soup version 0.30-a0-160-gcfceee88d3 (webtiles) character file.

Game seed: 3630691244447143547

122 qw the Chopper (level 5, 0/32 HPs)
             Began as a Gargoyle Fighter on Sept 27, 2022.
             Slain by Grinder (2 damage)
             ... on level 3 of the Dungeon.
             The game lasted 00:00:51 (2368 turns).

qw the Chopper (Gargoyle Fighter)                   Turns: 2368, Time: 00:00:52

Health: 0/32       AC: 13    Str: 22    XL:     5   Next: 6%
Magic:  5/5        EV:  9    Int:  8    God:
Gold:   142        SH:  4    Dex:  9    Spells: 4/4 levels left

rFire   . . .      SeeInvis .    Y - +0 war axe
rCold   . . .      Faith    .    c - +0 buckler
rNeg    + . .      Spirit   .    b - +0 scale mail
rPois   inf        Reflect  .    h - +0 helmet
rElec   +          Harm     .    l - +0 cloak
rCorr   .          Rampage  .    (no gloves)
Will    .....                    (no boots)
Stlth   ..........               (no amulet)
HPRegen 0.10/turn                (no ring)
MPRegen 0.09/turn                (no ring)

@: no status effects
A: sickness immunity, AC +4, negative energy resistance 1, electricity
resistance, torment resistance 1, petrification resistance
a: no special abilities


You were on level 3 of the Dungeon.
You visited 1 branch of the dungeon, and saw 3 of its levels.

You collected 142 gold pieces.


Innate Abilities, Weirdness & Mutations

You are immune to sickness and miasma.
Your stone body is resilient. (AC +4)
You are immune to poison.
You resist negative energy. (rN+)
You are resistant to electric shocks. (rElec)
You are resistant to unholy torment.
You are immune to petrification.


   Skills:
 - Level 3.2 Fighting
 + Level 4.4 Axes
 - Level 1.0 Throwing
 - Level 3.2 Armour
 - Level 3.2 Shields


You had 4 spell levels left.
You didn't know any spells.
Your spell library was empty.

Inventory:

Hand Weapons
 j - a +0 mace
 Y - a +0 war axe (weapon)
Missiles
 e - 3 boomerangs
 m - 6 silver javelins (quivered)
Armour
 b - a +0 scale mail (worn)
 c - a +0 buckler (worn)
 h - a +0 helmet (worn)
 k - a +0 pair of gloves
 l - a +0 cloak (worn)
 p - a +0 chain mail
Scrolls
 a - a scroll of torment {unknown}
 i - 4 scrolls of identify
 o - a scroll of vulnerability {unknown}
Potions
 d - a potion of might
 f - a potion of degeneration {unknown}
 g - a potion of magic {unknown}
 n - 3 potions of curing {unknown}

Dungeon Overview and Level Annotations

Branches:
Dungeon (3/15)

Altars:
Ru

Annotations:
D:3 Grinder


Message History

Grinder hits you.
You writhe in agony.
You barely miss Grinder.
Grinder is lightly wounded.
Grinder barely misses you.
You closely miss Grinder.
Grinder is lightly wounded.
Grinder blinks!
You block Grinder's attack.
You barely miss Grinder.
Grinder is lightly wounded.
Grinder hits you.
You writhe in agony.
You slash Grinder!
Grinder is heavily wounded.
Grinder closely misses you. Grinder barely misses you.
You closely miss Grinder.
Grinder is heavily wounded.
You block Grinder's attack.
You hit Grinder but do no damage.
Grinder is heavily wounded.
Grinder says, "Make like a tree!"
Grinder hits you.
You slash Grinder!
Grinder is severely wounded.
Grinder gestures at you.
You suddenly lose the ability to move!
Grinder grins, showing sharp teeth.
Grinder hits you but does no damage.
You can move again.
You hit Grinder.
Grinder is severely wounded.
Grinder blinks!
Grinder blinks!
You start resting.
Grinder is nearby!
Grinder gestures at you. Pain shoots through your body!
Grinder hits you but does no damage.
You closely miss Grinder.
Grinder is severely wounded.
Grinder hits you!
You writhe in agony.
You die...

#.###.#### #.
####.###.# #.
#........# #.
#.##.######### #.
#.##.###.....#.#
#.
#.##....<......#
#.
#.)........#.###
#.#########.#.# #
#......@.##.....
########5####.###
#.####.##
##..(....#
##...####..#
#########..### ..
.......#..##
#...## #####..##


You could see Grinder.

Vanquished Creatures
  6 adders
  A worm (D:3)
  2 dart slugs
  An orc (D:3)
  4 bats
  6 endoplasms
  2 giant cockroaches
  5 goblins
  7 hobgoblins
  2 jackals (D:1)
  A quokka (D:1)
  9 ball pythons
  3 frilled lizards (D:1)
  5 kobolds
  6 rats
60 creatures vanquished.

Vanquished Creatures (others)
  A plant (D:1)
1 creature vanquished.

Grand Total: 61 creatures vanquished

Notes
Turn   | Place    | Note
-------+----------+-------------------------------------------
     0 | D:1      | qw the Gargoyle Fighter began the quest for the Orb.
     0 | D:1      | Reached XP level 1. HP: 14/14 MP: 1/1
     0 | D:1      | 0 ||| qw: Version: 0.2-a-10-g37ed214
     0 | D:1      | 0 ||| qw: Game counter: 602
     0 | D:1      | 0 ||| qw: Always use a shield: true
     0 | D:1      | 0 ||| qw: God list: Okawaru
     0 | D:1      | 0 ||| qw: Allow faded altars: false
     0 | D:1      | 0 ||| qw: Do Orc after D:15 true
     0 | D:1      | 0 ||| qw: Do second Lair branch before Depths: true
     0 | D:1      | 0 ||| qw: Lair rune preference: random
     0 | D:1      | 0 ||| qw: Plans: Normal, Zot:1-4, God:TSO, Crypt, Tomb,
                  | Pan, Slime:5, Hells, Abyss, Orb
     0 | D:1      | 0 ||| PLANNING D:1-11
    30 | D:1      | 30 ||| Stepping ~*~*~tactically~*~*~ (stealth).
    35 | D:1      | Reached skill level 2 in Axes
    35 | D:1      | 35 ||| Stepping ~*~*~tactically~*~*~ (stealth).
   192 | D:1      | 192 ||| Stepping ~*~*~tactically~*~*~ (hiding).
   205 | D:1      | Reached XP level 2. HP: 19/19 MP: 2/2
   469 | D:1      | Found a faded altar of an unknown god.
   477 | D:1      | Reached skill level 3 in Axes
   544 | D:1      | Reached XP level 3. HP: 23/23 MP: 3/3
   590 | D:1      | 590 ||| DROPPING +0 club.
   871 | D:1      | 871 ||| UPGRADING to +0 helmet.
   876 | D:1      | 876 ||| READING scroll labelled CIYGHINUAGH.
   881 | D:1      | 881 ||| READING scroll labelled OHUOSO POOCEI.
   882 | D:1      | 882 ||| READING scroll labelled IBERIM SIO.
  1347 | D:2      | Reached XP level 4. HP: 28/28 MP: 4/4
  1446 | D:2      | Reached skill level 1 in Throwing
  1770 | D:2      | Found a sacrificial altar of Ru.
  1776 | D:2      | Reached skill level 4 in Axes
  1871 | D:2      | 1871 ||| UPGRADING to +0 cloak.
  1876 | D:2      | 1876 ||| READING scroll labelled ENITZEL YLO.
  1877 | D:2      | 1877 ||| READING 2 scrolls labelled GIWKIU CUHUCEE.
  1878 | D:2      | 1878 ||| READING scroll labelled TUOCUI WIARPH.
  1955 | D:3      | 1955 ||| Stepping ~*~*~tactically~*~*~ (stealth).
  1957 | D:3      | 1957 ||| Stepping ~*~*~tactically~*~*~ (hiding).
  1961 | D:3      | 1961 ||| Stepping ~*~*~tactically~*~*~ (stealth).
  2240 | D:3      | Reached XP level 5. HP: 32/32 MP: 5/5
  2341 | D:3      | Noticed Grinder
  2342 | D:3      | 2342 ||| Stepping ~*~*~tactically~*~*~ (hiding).
  2359 | D:3      | Paralysed by Grinder for 2 turns
  2368 | D:3      | HP: 2/32 [Grinder (8)]
  2368 | D:3      | Slain by Grinder

Levels and vault maps discovered:
D:1:      minmay_arrival_plants_in_alcoves, layout_loops_ring,
          dilly_ecumenical_altar_fadedgnrine, hangedman_decor_opposing
D:2:      layout_basic, basic_altar
D:3:      layout_loops_ring, gammafunk_temple_overflow_claw, led_sif_book,
          serial_glass, glass_columns_a, glass_columns_b, uniq_grinder,
          uniq_crazy_yiuf_cottage, uniq_natasha

Skill      XL: |  1  2  3  4 |
---------------+-------------+-----
Axes           | 2 3 4 |  4.4
Throwing       | 1 |  1.0
Fighting       | |  3.2
Armour         | |  3.2
Shields        | |  3.2

Action                   |  1- 3 |  4- 6 || total
-------------------------+-------+-------++-------
Melee: War axe           |    72 |    90 ||   162
Throw: Boomerang         |    12 |       ||    12
       Javelin           |     2 |    20 ||    22
  Use: Scroll            |     3 |     3 ||     6
Armor: Scale mail        |    31 |    54 ||    85
Dodge: Dodged            |    36 |    40 ||    76
Block: Buckler           |     7 |    13 ||    20

Table legend:
 A = Non-vault XP
 B = Vault XP
 C = Vault XP percentage of total XP
 D = Non-vault monster count
 E = Vault monster count
 F = Vault count percentage of total count
                 A         B        C        D         E       F
            +---------+---------+-------+---------+---------+-------
      Total |     175 |       0 |   0.0 |      60 |       0 |   0.0
            +---------+---------+-------+---------+---------+-------
        D:1 |      40 |       0 |   0.0 |      22 |       0 |   0.0
        D:2 |      88 |       0 |   0.0 |      24 |       0 |   0.0
        D:3 |      47 |       0 |   0.0 |      14 |       0 |   0.0
            +---------+---------+-------+---------+---------+-------
